 Seeded DCSS version 0.28.0-53-g5a82cb258f (webtiles) character file.

Game seed: 20220530 (custom seed)

11158 Zeld the Zephyrmancer (level 11, -10/50 (54) HPs)
             Began as a Tengu Air Elementalist on May 30, 2022.
             Was a Believer of Vehumet.
             Killed by divine providence
             ... invoked by an orc priest
              (13 damage)
             ... on level 11 of the Dungeon.
             The game lasted 00:20:04 (22358 turns).

Zeld the Zephyrmancer (Tengu Air Elementalist)     Turns: 22358, Time: 00:20:05

HP:   -10/50 (54)   AC:  5    Str:  8    XL:     11   Next: 73%
MP:   0/27          EV: 14    Int: 21    God:    Vehumet [**....]
Gold: 319           SH:  0    Dex: 14    Spells: 21/33 levels left

rFire   . . .      SeeInvis +   a - +5 quarterstaff (protect)
rCold   . . .      Faith    .   (shield currently unavailable)
rNeg    . . .      Spirit   .   e - +0 robe
rPois   +          Reflect  .   (helmet restricted)
rElec   .          Harm     .   q - +0 cloak
rCorr   .          Rampage  .   C - +1 pair of gloves
Will    .....                   (boots unavailable)
Stlth   ++........              (no amulet)
HPRegen 0.16/turn               h - ring of poison resistance
MPRegen 0.20/turn               t - ring of see invisible

@: flying quickly and evasively, drained, quick
A: beak, talons 3, nimble flight
a: Renounce Religion


You were on level 11 of the Dungeon.
You worshipped Vehumet.
Vehumet was pleased with you.
You visited 2 branches of the dungeon, and saw 12 of its levels.

You collected 674 gold pieces.
You spent 355 gold pieces at shops.

Inventory:

Hand Weapons
 a - a +5 quarterstaff of protection (weapon)
Armour
 e - a +0 robe (worn)
 f - an orb of energy
 q - a +0 cloak (worn)
 C - a +1 pair of gloves (worn)
Jewellery
 h - a ring of poison resistance (left hand)
 t - a ring of see invisible (right hand)
Wands
 c - a wand of paralysis (7)
 n - a wand of polymorph (9)
 y - a wand of flame (4)
 A - a wand of acid (11)
 I - a wand of iceblast (4)
Scrolls
 j - 4 scrolls of teleportation
 l - a scroll of silence
 o - 4 scrolls of enchant armour
 p - a scroll of blinking
 w - a scroll of summoning
 x - 4 scrolls of amnesia
 D - a scroll of magic mapping
Potions
 b - 2 potions of mutation
 d - 3 potions of curing
 g - a potion of magic {unknown}
 i - 5 potions of heal wounds
 r - a potion of might {unknown}
 s - a potion of attraction {unknown}
 u - 3 potions of cancellation {unknown}
 v - a potion of flight {unknown}
 z - a potion of haste {unknown}
 H - 3 potions of berserk rage {unknown}


   Skills:
 - Level 2.1 Dodging
 - Level 2.0 Stealth
 * Level 11.5 Spellcasting
 - Level 8.0 Conjurations
 - Level 12.0 Air Magic
 + Level 8.5 Evocations


You had 21 spell levels left.
You knew the following spells:

 Your Spells              Type           Power      Damage    Failure   Level
a - Shock                 Conj/Air       100%       1d9       1%          1
b - Static Discharge      Conj/Air       52%        N/A       1%          2
c - Swiftness             Air            58%        N/A       1%          3
d - Airstrike             Air            29%        N/A       1%          4
z - Poisonous Vapours     Pois/Air       74%        N/A       1%          2

Your spell library contained the following spells:

 Spells                   Type           Power      Damage    Failure   Level
 Conjure Flame            Conj/Fire      28%        6-21      3%          3
 Pain                     Necr           48%        1d6       5%          1
 Confusing Touch          Hex            12%        N/A       17%         3
 Gell's Gravitas          Tloc           12%        N/A       17%         3
 Teleport Other           Tloc           12%        N/A       17%         3
 Tukima's Dance           Hex            12%        N/A       17%         3
 Passage of Golubria      Tloc           12%        N/A       50%         4
 Agony                    Necr           12%        N/A       83%         5
 Excruciating Wounds      Necr           6%         N/A       83%         5
 Yara's Violent Unravell  Hex/Tmut       6%         3d5       83%         5
 Dispersal                Tloc           6%         N/A       100%        6
 Enfeeble                 Hex            6%         N/A       100%        7
 Disjunction              Tloc           6%         N/A       100%        8


Dungeon Overview and Level Annotations

Branches:
Dungeon (11/15)            Temple (1/1) D:7            Lair (0/6) D:9
    Orc (0/2) D:11

Altars:
Hepliaklqana
Kikubaaqudgha
Makhleb
Ru
Sif Muna
Uskayaw
Vehumet
Xom
Zin

Shops:
D:2 (   D:9 (=?

Annotations:
D:7 bnorton916's ghost, novice DEFE
D:10 exclusion: two-headed ogre, Josephine


Innate Abilities, Weirdness & Mutations

You have a beak for a mouth.
You have claws for feet.
Your magical nature lets you fly swiftly and evasively.


Message History

The orc priest miscasts a cantrip.
Unknown command.
Casting: Shock (safe; 1% risk of failure)
Confirm with . or Enter, or press ? or * to list all spells.
Aiming: Shock (safe; 1% risk of failure)
Press: ? - help, Shift-Dir - straight line, f/p - orc priest
Aim: an orc priest, wielding a +0 club (heavily wounded, 74% to hit)
The zap misses the orc priest.
The zap hits the orc priest.
The orc priest is severely wounded.
The zap misses the orc warrior.
The centaur warrior zombie hits you!
* * * LOW HITPOINT WARNING * * *
The centaur warrior zombie kicks you.
* * * LOW HITPOINT WARNING * * *
The orc priest mumbles some strange prayers to Beogh against you.
Beogh smites you!
* * * LOW HITPOINT WARNING * * *
The orc priest invokes the aid of Beogh against you.
Pain shoots through your body!
* * * LOW HITPOINT WARNING * * *
The centaur warrior zombie completely misses you.
The centaur warrior zombie closely misses you.
Unknown command.
Casting: Shock (safe; 1% risk of failure)
Confirm with . or Enter, or press ? or * to list all spells.
Aiming: Shock (safe; 1% risk of failure)
Press: ? - help, Shift-Dir - straight line, f/p - orc priest
Aim: an orc priest, wielding a +0 club (severely wounded, 74% to hit)
The zap hits the orc priest!
The orc priest is heavily wounded.
The zap hits the orc priest!
You kill the orc priest!
Vehumet accepts your kill.
The zap misses the orc warrior.
Your surroundings suddenly seem different. 4 orcs and an acid dragon come into view.
Found a staircase to the Orcish Mines.
The orc shouts!
The orc priest shouts!
The orc wizard shouts!
The orc priest invokes the aid of Beogh against you.
Beogh smites you!
You die...

# .## .## ....
.... .....
..... #. #.
.o....###......
.##. #.
.......@......o
.... #.
...........o...
.). #.
.......>.......
#..#.
o..............
..##).#.
...............
........
.D.............
........
...............
##.o....
...............
#....).
......#.


You could see an orc warrior, an acid dragon (wandering), an orc priest, an orc
wizard and an orc.

Vanquished Creatures
  A hydra (D:9)
  A two-headed ogre (D:10)
  Maurice (D:8)
  Psyche (D:8)
  2 komodo dragons (D:9)
  A kobold demonologist (D:10)
  2 trolls (D:10)
  2 hornets
  12 yaks
  Sigmund (D:3)
  2 wraiths
  A wyvern (D:9)
  3 steam dragons
  Grum (D:10)
  An acid dragon (D:10)
  A water moccasin (D:7)
  8 orc warriors
  2 sky beasts
  3 black bears
  3 ogres
  A necrophage (D:7)
  3 wolves (D:10)
  3 centaurs
  A phantom (D:6)
  5 kobold brigands
  4 bullfrogs
  2 scorpions (D:7)
  A water moccasin skeleton (D:6)
  6 killer bees
  4 howler monkeys
  A bullfrog zombie (D:6)
  A centaur zombie (D:9)
  4 hounds
  A bullfrog skeleton (D:7)
  3 centaur skeletons
  6 orc priests
  Crazy Yiuf (D:3)
  11 jellies
  Jessica (D:3)
  3 iguanas
  8 orc wizards
  A hound zombie (D:5)
  2 hound skeletons
  A howler monkey zombie (D:6)
  9 adders
  3 white imps
  An ufetubus (D:5)
  2 worms
  2 dart slugs
  48 orcs
  5 ball pythons
  15 endoplasms
  6 giant cockroaches
  5 goblins
  8 hobgoblins
  4 jackals (D:5)
  5 quokkas
  7 bats
  2 frilled lizards (D:3)
  32 kobolds
  3 rats (D:1)
280 creatures vanquished.

Vanquished Creatures (others)
  10 fungi (D:7)
10 creatures vanquished.

Grand Total: 290 creatures vanquished

Notes
Turn   | Place    | Note
-------+----------+-------------------------------------------
     0 | D:1      | Zeld the Tengu Air Elementalist began the quest for the
                  | Orb.
     0 | D:1      | Reached XP level 1. HP: 10/10 MP: 4/4
   102 | D:2      | Found Tetwil's Antique Weapon Shop.
   292 | D:2      | Reached XP level 2. HP: 15/15 MP: 0/6
   295 | D:2      | Learned a level 2 spell: Static Discharge
   594 | D:4      | Reached XP level 3. HP: 7/19 MP: 1/8
   598 | D:4      | Learned a level 3 spell: Swiftness
   719 | D:4      | Reached skill level 5 in Air Magic
   747 | D:4      | Reached XP level 4. HP: 16/24 MP: 5/9
  1561 | D:4      | Gained mutation: Your magical nature lets you fly swiftly
                  | and evasively. [Tengu growth]
  1561 | D:4      | Reached XP level 5. HP: 27/28 MP: 10/10
  1581 | D:4      | Learned a level 4 spell: Airstrike
  1746 | D:5      | Entered Level 5 of the Dungeon
  1753 | D:5      | Noticed a black bear
  1764 | D:5      | Killed a black bear
  1765 | D:5      | Reached skill level 6 in Air Magic
  1765 | D:5      | Reached skill level 1 in Evocations
  1765 | D:5      | Reached XP level 6. HP: 32/32 MP: 0/12
  2438 | D:6      | Reached XP level 7. HP: 13/36 MP: 0/14
  2520 | D:6      | Reached skill level 7 in Air Magic
  3667 | D:5      | Reached skill level 5 in Spellcasting
  3668 | D:5      | Reached XP level 8. HP: 41/41 MP: 7/16
  3827 | D:5      | Reached skill level 8 in Air Magic
  4394 | D:6      | Noticed a hornet
  4615 | D:6      | Reached skill level 5 in Conjurations
  5285 | D:6      | Killed a hornet
  5286 | D:6      | Reached skill level 9 in Air Magic
  5774 | D:6      | Reached XP level 9. HP: 45/45 MP: 6/19
  6504 | D:3      | Noticed Sigmund
  6507 | D:3      | Killed Sigmund
  6581 | D:3      | Noticed Jessica
  6582 | D:3      | Killed Jessica
  7492 | D:3      | Found a runed translucent door.
  7493 | D:3      | Noticed Crazy Yiuf
  7499 | D:3      | Killed Crazy Yiuf
  7500 | D:3      | Reached skill level 10 in Air Magic
  9333 | D:7      | Noticed bnorton916's ghost (novice DEFE)
  9773 | D:7      | Noticed a moth of wrath
 10524 | D:7      | Noticed a hornet
 10527 | D:7      | Killed a hornet
 10635 | D:7      | Noticed a skeletal warrior
 10808 | D:7      | Reached skill level 11 in Air Magic
 11014 | D:7      | Noticed a skeletal warrior
 11369 | D:7      | Reached skill level 5 in Evocations
 11460 | D:7      | Found a shimmering blue altar of Sif Muna.
 11494 | D:7      | Found a staircase to the Ecumenical Temple.
 11534 | D:7      | Reached XP level 10. HP: 27/50 MP: 11/22
 11966 | D:7      | Noticed a skeletal warrior
 12373 | D:7      | Noticed a skeletal warrior
 12373 | D:7      | Noticed a skeletal warrior
 12431 | Temple   | Entered the Ecumenical Temple
 12510 | Temple   | Became a worshipper of Vehumet
 13064 | D:8      | Noticed Psyche
 13069 | D:8      | Killed Psyche
 13072 | D:8      | Noticed Maurice
 13318 | D:8      | Killed Maurice
 13319 | D:8      | Reached skill level 12 in Air Magic
 13755 | D:8      | Reached * piety under Vehumet
 13755 | D:8      | Offered knowledge of Magic Dart by Vehumet.
 14472 | D:8      | Found a glowing silver altar of Zin.
 14927 | D:9      | Found Optapt's Weapon Emporium.
 14929 | D:9      | Found Tisif's Jewellery Shop.
 14929 | D:9      | Found Numnas's Magic Scroll Boutique.
 14936 | D:9      | Bought a scroll of enchant weapon for 82 gold pieces
 14936 | D:9      | Bought a scroll of teleportation for 33 gold pieces
 14936 | D:9      | Bought a scroll of amnesia for 38 gold pieces
 14936 | D:9      | Bought a scroll of enchant armour for 82 gold pieces
 14936 | D:9      | Bought a scroll of amnesia for 38 gold pieces
 14936 | D:9      | Bought a scroll of enchant armour for 82 gold pieces
 15254 | D:9      | Offered knowledge of Poisonous Vapours by Vehumet.
 15279 | D:9      | Learned a level 2 spell: Poisonous Vapours
 15295 | D:9      | Reached ** piety under Vehumet
 16172 | D:9      | HP: 2/50 [komodo dragon (20)]
 16174 | D:9      | Reached XP level 11. HP: 2/54 MP: 1/25
 16862 | D:9      | Noticed a six-headed hydra
 16894 | D:9      | Killed a six-headed hydra
 16895 | D:9      | Reached skill level 10 in Spellcasting
 17654 | D:9      | Found a staircase to the Lair.
 17940 | D:10     | Entered Level 10 of the Dungeon
 17956 | D:10     | Noticed Josephine
 17956 | D:10     | Noticed a two-headed ogre
 17966 | D:10     | Killed a two-headed ogre
 18091 | D:10     | Noticed a two-headed ogre
 18501 | D:10     | Noticed Grum
 18533 | D:10     | Killed Grum
 20256 | D:10     | Offered knowledge of Conjure Flame by Vehumet.
 20899 | D:9      | Found Optapt's Weapon Emporium.
 20901 | D:9      | Found Tisif's Jewellery Shop.
 20901 | D:9      | Found Numnas's Magic Scroll Boutique.
 21375 | D:9      | Found a staircase to the Lair.
 22357 | D:11     | HP: 2/50 [orc priest/nerve-wracking pain (2)]
 22358 | D:11     | Found a staircase to the Orcish Mines.
 22358 | D:11     | Killed from afar by an orc priest

Illustrated notes

Levels and vault maps discovered:
D:1:      dpeg_arrival_fog, layout_basic
D:2:      layout_loops_ring, serial_shops, nicolae_square_shop,
          chequers_serial_rivers_micro_e, grunt_decor_mini_mirrors
D:3:      layout_rooms, chequers_serial_rivers_micro_b, minivault_19,
          uniq_jessica, uniq_sigmund, uniq_crazy_yiuf_cottage
D:4:      layout_basic, chequers_avenue
D:5:      layout_basic
D:6:      layout_rooms, chequers_serial_rivers_micro_e
D:7:      lemuel_slime, layout_loops_ring, minmay_temple_entry_hall,
          gammafunk_ghost_berserking_beasts, minmay_ruined_shrine
D:8:      layout_rooms, mainiacjoe_overflow_alcove_1, enter_bailey_4,
          minivault_10, chequers_serial_rivers_micro_b,
          kennysheep_generic_room_10, uniq_psyche, uniq_maurice
D:9:      layout_roguey [special_room_orc], erik_lair_dragon, minmay_hedge_maze,
          nicolae_wooded_promenade
D:10:     layout_basic, grunt_ministairs_3, uniq_josephine, uniq_grum
D:11:     layout_loops_corners, erik_orc_4, minmay_bent
Temple:   regret_index_temple_sigil_plot

Skill      XL: |  1  2  3  4  5  6  7  8  9 10 11 |
---------------+----------------------------------+-----
Conjurations   | 2 3 4 6 7 8 |  8.0
Air Magic      | 5 6 7 9 11 12 | 12.0
Spellcasting   | 3 4 5 6 7 9 11 | 11.5
Evocations     | 1 2 3 5 7 8 |  8.5
Dodging        | |  2.1
Stealth        | |  2.0

Action                   |  1- 3 |  4- 6 |  7- 9 | 10-12 || total
-------------------------+-------+-------+-------+-------++-------
Melee: Mace              |       |    17 |   103 |    52 ||   172
       Kick              |       |     6 |    23 |    16 ||    45
       Unarmed           |       |     2 |       |       ||     2
       Peck              |       |     1 |     8 |    10 ||    19
       Quarterstaff      |       |       |       |     9 ||     9
 Cast: Shock             |    31 |    23 |    17 |    48 ||   119
       Airstrike         |       |    12 |   145 |   214 ||   371
Evoke: Wand              |       |       |       |     1 ||     1
  Use: Scroll            |       |       |       |    17 ||    17
 Stab: Sleeping          |       |       |     3 |       ||     3
Armor: Robe              |     5 |     7 |    25 |    27 ||    64
Dodge: Dodged            |    13 |    41 |   101 |   107 ||   262
